%YAML 1.1
%TAG !u! tag:unity3d.com,2011:
--- !u!1 &1483341141432206
GameObject:
  m_ObjectHideFlags: 0
  m_CorrespondingSourceObject: {fileID: 0}
  m_PrefabInstance: {fileID: 0}
  m_PrefabAsset: {fileID: 0}
  serializedVersion: 6
  m_Component:
  - component: {fileID: 4556929448788486}
  m_Layer: 0
  m_Name: Business
  m_TagString: Untagged
  m_Icon: {fileID: 0}
  m_NavMeshLayer: 0
  m_StaticEditorFlags: 0
  m_IsActive: 1
--- !u!4 &4556929448788486
Transform:
  m_ObjectHideFlags: 0
  m_CorrespondingSourceObject: {fileID: 0}
  m_PrefabInstance: {fileID: 0}
  m_PrefabAsset: {fileID: 0}
  m_GameObject: {fileID: 1483341141432206}
  m_LocalRotation: {x: -0, y: -0, z: -0, w: 1}
  m_LocalPosition: {x: 0, y: 0, z: 0}
  m_LocalScale: {x: 1, y: 1, z: 1}
  m_Children:
  - {fileID: 2815178359414236425}
  - {fileID: 4570988998657832}
  m_Father: {fileID: 0}
  m_RootOrder: 0
  m_LocalEulerAnglesHint: {x: 0, y: 0, z: 0}
--- !u!1 &1790493334354778
GameObject:
  m_ObjectHideFlags: 0
  m_CorrespondingSourceObject: {fileID: 0}
  m_PrefabInstance: {fileID: 0}
  m_PrefabAsset: {fileID: 0}
  serializedVersion: 6
  m_Component:
  - component: {fileID: 4862919302935190}
  - component: {fileID: 33029944099560256}
  - component: {fileID: 23623789854412272}
  - component: {fileID: 64896068374998342}
  m_Layer: 0
  m_Name: Shop_A
  m_TagString: Untagged
  m_Icon: {fileID: 0}
  m_NavMeshLayer: 0
  m_StaticEditorFlags: 0
  m_IsActive: 1
--- !u!4 &4862919302935190
Transform:
  m_ObjectHideFlags: 0
  m_CorrespondingSourceObject: {fileID: 0}
  m_PrefabInstance: {fileID: 0}
  m_PrefabAsset: {fileID: 0}
  m_GameObject: {fileID: 1790493334354778}
  m_LocalRotation: {x: -0, y: 1, z: -0, w: 0}
  m_LocalPosition: {x: 0.002, y: -0.009, z: 0.005}
  m_LocalScale: {x: 0.07483231, y: 0.07483231, z: 0.07483231}
  m_Children: []
  m_Father: {fileID: 2815178359414236425}
  m_RootOrder: 1
  m_LocalEulerAnglesHint: {x: 0, y: 180, z: 0}
--- !u!33 &33029944099560256
MeshFilter:
  m_ObjectHideFlags: 0
  m_CorrespondingSourceObject: {fileID: 0}
  m_PrefabInstance: {fileID: 0}
  m_PrefabAsset: {fileID: 0}
  m_GameObject: {fileID: 1790493334354778}
  m_Mesh: {fileID: 4300000, guid: 36e91272a7c35e24cbedb9d94c94954e, type: 3}
--- !u!23 &23623789854412272
MeshRenderer:
  m_ObjectHideFlags: 0
  m_CorrespondingSourceObject: {fileID: 0}
  m_PrefabInstance: {fileID: 0}
  m_PrefabAsset: {fileID: 0}
  m_GameObject: {fileID: 1790493334354778}
  m_Enabled: 1
  m_CastShadows: 2
  m_ReceiveShadows: 1
  m_DynamicOccludee: 1
  m_MotionVectors: 1
  m_LightProbeUsage: 1
  m_ReflectionProbeUsage: 1
  m_RenderingLayerMask: 4294967295
  m_RendererPriority: 0
  m_Materials:
  - {fileID: 2100000, guid: de45384e4174cea47ab87a5af106e7dc, type: 2}
  m_StaticBatchInfo:
    firstSubMesh: 0
    subMeshCount: 0
  m_StaticBatchRoot: {fileID: 0}
  m_ProbeAnchor: {fileID: 0}
  m_LightProbeVolumeOverride: {fileID: 0}
  m_ScaleInLightmap: 1
  m_ReceiveGI: 1
  m_PreserveUVs: 0
  m_IgnoreNormalsForChartDetection: 0
  m_ImportantGI: 0
  m_StitchLightmapSeams: 0
  m_SelectedEditorRenderState: 3
  m_MinimumChartSize: 4
  m_AutoUVMaxDistance: 0.5
  m_AutoUVMaxAngle: 89
  m_LightmapParameters: {fileID: 0}
  m_SortingLayerID: 0
  m_SortingLayer: 0
  m_SortingOrder: 0
--- !u!64 &64896068374998342
MeshCollider:
  m_ObjectHideFlags: 0
  m_CorrespondingSourceObject: {fileID: 0}
  m_PrefabInstance: {fileID: 0}
  m_PrefabAsset: {fileID: 0}
  m_GameObject: {fileID: 1790493334354778}
  m_Material: {fileID: 0}
  m_IsTrigger: 0
  m_Enabled: 1
  serializedVersion: 3
  m_Convex: 0
  m_CookingOptions: 14
  m_Mesh: {fileID: 4300000, guid: 36e91272a7c35e24cbedb9d94c94954e, type: 3}
--- !u!1 &1984365897564344
GameObject:
  m_ObjectHideFlags: 0
  m_CorrespondingSourceObject: {fileID: 0}
  m_PrefabInstance: {fileID: 0}
  m_PrefabAsset: {fileID: 0}
  serializedVersion: 6
  m_Component:
  - component: {fileID: 4570988998657832}
  - component: {fileID: 33317653680784258}
  - component: {fileID: 23050755853676380}
  - component: {fileID: 64354416090086910}
  m_Layer: 0
  m_Name: ARCell
  m_TagString: Untagged
  m_Icon: {fileID: 0}
  m_NavMeshLayer: 0
  m_StaticEditorFlags: 0
  m_IsActive: 0
--- !u!4 &4570988998657832
Transform:
  m_ObjectHideFlags: 0
  m_CorrespondingSourceObject: {fileID: 0}
  m_PrefabInstance: {fileID: 0}
  m_PrefabAsset: {fileID: 0}
  m_GameObject: {fileID: 1984365897564344}
  m_LocalRotation: {x: -0, y: -0, z: -0, w: 1}
  m_LocalPosition: {x: 0, y: 0, z: 0}
  m_LocalScale: {x: 0.15, y: 0.15, z: 0.15}
  m_Children: []
  m_Father: {fileID: 4556929448788486}
  m_RootOrder: 1
  m_LocalEulerAnglesHint: {x: 0, y: 0, z: 0}
--- !u!33 &33317653680784258
MeshFilter:
  m_ObjectHideFlags: 0
  m_CorrespondingSourceObject: {fileID: 0}
  m_PrefabInstance: {fileID: 0}
  m_PrefabAsset: {fileID: 0}
  m_GameObject: {fileID: 1984365897564344}
  m_Mesh: {fileID: 10209, guid: 0000000000000000e000000000000000, type: 0}
--- !u!23 &23050755853676380
MeshRenderer:
  m_ObjectHideFlags: 0
  m_CorrespondingSourceObject: {fileID: 0}
  m_PrefabInstance: {fileID: 0}
  m_PrefabAsset: {fileID: 0}
  m_GameObject: {fileID: 1984365897564344}
  m_Enabled: 1
  m_CastShadows: 1
  m_ReceiveShadows: 1
  m_DynamicOccludee: 1
  m_MotionVectors: 1
  m_LightProbeUsage: 1
  m_ReflectionProbeUsage: 1
  m_RenderingLayerMask: 4294967295
  m_RendererPriority: 0
  m_Materials:
  - {fileID: 0}
  m_StaticBatchInfo:
    firstSubMesh: 0
    subMeshCount: 0
  m_StaticBatchRoot: {fileID: 0}
  m_ProbeAnchor: {fileID: 0}
  m_LightProbeVolumeOverride: {fileID: 0}
  m_ScaleInLightmap: 1
  m_ReceiveGI: 1
  m_PreserveUVs: 0
  m_IgnoreNormalsForChartDetection: 0
  m_ImportantGI: 0
  m_StitchLightmapSeams: 0
  m_SelectedEditorRenderState: 3
  m_MinimumChartSize: 4
  m_AutoUVMaxDistance: 0.5
  m_AutoUVMaxAngle: 89
  m_LightmapParameters: {fileID: 0}
  m_SortingLayerID: 0
  m_SortingLayer: 0
  m_SortingOrder: 0
--- !u!64 &64354416090086910
MeshCollider:
  m_ObjectHideFlags: 0
  m_CorrespondingSourceObject: {fileID: 0}
  m_PrefabInstance: {fileID: 0}
  m_PrefabAsset: {fileID: 0}
  m_GameObject: {fileID: 1984365897564344}
  m_Material: {fileID: 0}
  m_IsTrigger: 0
  m_Enabled: 1
  serializedVersion: 3
  m_Convex: 0
  m_CookingOptions: 14
  m_Mesh: {fileID: 10209, guid: 0000000000000000e000000000000000, type: 0}
--- !u!1 &3342598249706763106
GameObject:
  m_ObjectHideFlags: 0
  m_CorrespondingSourceObject: {fileID: 0}
  m_PrefabInstance: {fileID: 0}
  m_PrefabAsset: {fileID: 0}
  serializedVersion: 6
  m_Component:
  - component: {fileID: 2815178359414236425}
  m_Layer: 0
  m_Name: GameObject
  m_TagString: Untagged
  m_Icon: {fileID: 0}
  m_NavMeshLayer: 0
  m_StaticEditorFlags: 0
  m_IsActive: 1
--- !u!4 &2815178359414236425
Transform:
  m_ObjectHideFlags: 0
  m_CorrespondingSourceObject: {fileID: 0}
  m_PrefabInstance: {fileID: 0}
  m_PrefabAsset: {fileID: 0}
  m_GameObject: {fileID: 3342598249706763106}
  m_LocalRotation: {x: -0, y: -0, z: -0, w: 1}
  m_LocalPosition: {x: 0, y: 0, z: 0}
  m_LocalScale: {x: 1, y: 1, z: 1}
  m_Children:
  - {fileID: 8156525286703020459}
  - {fileID: 4862919302935190}
  m_Father: {fileID: 4556929448788486}
  m_RootOrder: 0
  m_LocalEulerAnglesHint: {x: 0, y: 0, z: 0}
--- !u!1 &3802089777568775974
GameObject:
  m_ObjectHideFlags: 0
  m_CorrespondingSourceObject: {fileID: 0}
  m_PrefabInstance: {fileID: 0}
  m_PrefabAsset: {fileID: 0}
  serializedVersion: 6
  m_Component:
  - component: {fileID: 8156525286703020459}
  m_Layer: 0
  m_Name: Smokes
  m_TagString: Untagged
  m_Icon: {fileID: 0}
  m_NavMeshLayer: 0
  m_StaticEditorFlags: 0
  m_IsActive: 1
--- !u!4 &8156525286703020459
Transform:
  m_ObjectHideFlags: 0
  m_CorrespondingSourceObject: {fileID: 0}
  m_PrefabInstance: {fileID: 0}
  m_PrefabAsset: {fileID: 0}
  m_GameObject: {fileID: 3802089777568775974}
  m_LocalRotation: {x: -0, y: -0, z: -0, w: 1}
  m_LocalPosition: {x: -0.012, y: 0.17953299, z: 0}
  m_LocalScale: {x: 1, y: 1, z: 1}
  m_Children:
  - {fileID: 6576479528663190315}
  - {fileID: 4060117553068720998}
  - {fileID: 2084958165705648706}
  - {fileID: 3152209350441729907}
  m_Father: {fileID: 2815178359414236425}
  m_RootOrder: 0
  m_LocalEulerAnglesHint: {x: 0, y: 0, z: 0}
--- !u!1001 &641528517839612827
PrefabInstance:
  m_ObjectHideFlags: 0
  serializedVersion: 2
  m_Modification:
    m_TransformParent: {fileID: 8156525286703020459}
    m_Modifications:
    - target: {fileID: 6026787720372845712, guid: 7cdfa191446aa6f47b4db87170ef2df5,
        type: 3}
      propertyPath: m_Name
      value: WhiteSmoke Variant
      objectReference: {fileID: 0}
    - target: {fileID: 6026787720373067952, guid: 7cdfa191446aa6f47b4db87170ef2df5,
        type: 3}
      propertyPath: m_LocalPosition.x
      value: -0.17399997
      objectReference: {fileID: 0}
    - target: {fileID: 6026787720373067952, guid: 7cdfa191446aa6f47b4db87170ef2df5,
        type: 3}
      propertyPath: m_LocalPosition.y
      value: 0.1814
      objectReference: {fileID: 0}
    - target: {fileID: 6026787720373067952, guid: 7cdfa191446aa6f47b4db87170ef2df5,
        type: 3}
      propertyPath: m_LocalPosition.z
      value: 0.0961
      objectReference: {fileID: 0}
    - target: {fileID: 6026787720373067952, guid: 7cdfa191446aa6f47b4db87170ef2df5,
        type: 3}
      propertyPath: m_LocalRotation.x
      value: -0.7071068
      objectReference: {fileID: 0}
    - target: {fileID: 6026787720373067952, guid: 7cdfa191446aa6f47b4db87170ef2df5,
        type: 3}
      propertyPath: m_LocalRotation.y
      value: -0
      objectReference: {fileID: 0}
    - target: {fileID: 6026787720373067952, guid: 7cdfa191446aa6f47b4db87170ef2df5,
        type: 3}
      propertyPath: m_LocalRotation.z
      value: -0
      objectReference: {fileID: 0}
    - target: {fileID: 6026787720373067952, guid: 7cdfa191446aa6f47b4db87170ef2df5,
        type: 3}
      propertyPath: m_LocalRotation.w
      value: 0.7071068
      objectReference: {fileID: 0}
    - target: {fileID: 6026787720373067952, guid: 7cdfa191446aa6f47b4db87170ef2df5,
        type: 3}
      propertyPath: m_RootOrder
      value: 0
      objectReference: {fileID: 0}
    - target: {fileID: 6026787720373067952, guid: 7cdfa191446aa6f47b4db87170ef2df5,
        type: 3}
      propertyPath: m_LocalEulerAnglesHint.x
      value: 0
      objectReference: {fileID: 0}
    - target: {fileID: 6026787720373067952, guid: 7cdfa191446aa6f47b4db87170ef2df5,
        type: 3}
      propertyPath: m_LocalEulerAnglesHint.y
      value: 0
      objectReference: {fileID: 0}
    - target: {fileID: 6026787720373067952, guid: 7cdfa191446aa6f47b4db87170ef2df5,
        type: 3}
      propertyPath: m_LocalEulerAnglesHint.z
      value: 0
      objectReference: {fileID: 0}
    - target: {fileID: 6026787720373067952, guid: 7cdfa191446aa6f47b4db87170ef2df5,
        type: 3}
      propertyPath: m_LocalScale.y
      value: 0.002878157
      objectReference: {fileID: 0}
    - target: {fileID: 6026787720373067952, guid: 7cdfa191446aa6f47b4db87170ef2df5,
        type: 3}
      propertyPath: m_LocalScale.z
      value: 0.002878157
      objectReference: {fileID: 0}
    - target: {fileID: 6026787720373067952, guid: 7cdfa191446aa6f47b4db87170ef2df5,
        type: 3}
      propertyPath: m_LocalScale.x
      value: 0.0028781565
      objectReference: {fileID: 0}
    - target: {fileID: 6026787720358913520, guid: 7cdfa191446aa6f47b4db87170ef2df5,
        type: 3}
      propertyPath: prewarm
      value: 1
      objectReference: {fileID: 0}
    m_RemovedComponents: []
  m_SourcePrefab: {fileID: 100100000, guid: 7cdfa191446aa6f47b4db87170ef2df5, type: 3}
--- !u!4 &6576479528663190315 stripped
Transform:
  m_CorrespondingSourceObject: {fileID: 6026787720373067952, guid: 7cdfa191446aa6f47b4db87170ef2df5,
    type: 3}
  m_PrefabInstance: {fileID: 641528517839612827}
  m_PrefabAsset: {fileID: 0}
--- !u!1001 &5713996898384906994
PrefabInstance:
  m_ObjectHideFlags: 0
  serializedVersion: 2
  m_Modification:
    m_TransformParent: {fileID: 8156525286703020459}
    m_Modifications:
    - target: {fileID: 6026787720372845712, guid: 7cdfa191446aa6f47b4db87170ef2df5,
        type: 3}
      propertyPath: m_Name
      value: WhiteSmoke Variant (2)
      objectReference: {fileID: 0}
    - target: {fileID: 6026787720373067952, guid: 7cdfa191446aa6f47b4db87170ef2df5,
        type: 3}
      propertyPath: m_LocalPosition.x
      value: -0.0143
      objectReference: {fileID: 0}
    - target: {fileID: 6026787720373067952, guid: 7cdfa191446aa6f47b4db87170ef2df5,
        type: 3}
      propertyPath: m_LocalPosition.y
      value: 0.1834
      objectReference: {fileID: 0}
    - target: {fileID: 6026787720373067952, guid: 7cdfa191446aa6f47b4db87170ef2df5,
        type: 3}
      propertyPath: m_LocalPosition.z
      value: -0.129
      objectReference: {fileID: 0}
    - target: {fileID: 6026787720373067952, guid: 7cdfa191446aa6f47b4db87170ef2df5,
        type: 3}
      propertyPath: m_LocalRotation.x
      value: -0.7071068
      objectReference: {fileID: 0}
    - target: {fileID: 6026787720373067952, guid: 7cdfa191446aa6f47b4db87170ef2df5,
        type: 3}
      propertyPath: m_LocalRotation.y
      value: -0
      objectReference: {fileID: 0}
    - target: {fileID: 6026787720373067952, guid: 7cdfa191446aa6f47b4db87170ef2df5,
        type: 3}
      propertyPath: m_LocalRotation.z
      value: -0
      objectReference: {fileID: 0}
    - target: {fileID: 6026787720373067952, guid: 7cdfa191446aa6f47b4db87170ef2df5,
        type: 3}
      propertyPath: m_LocalRotation.w
      value: 0.7071068
      objectReference: {fileID: 0}
    - target: {fileID: 6026787720373067952, guid: 7cdfa191446aa6f47b4db87170ef2df5,
        type: 3}
      propertyPath: m_RootOrder
      value: 2
      objectReference: {fileID: 0}
    - target: {fileID: 6026787720373067952, guid: 7cdfa191446aa6f47b4db87170ef2df5,
        type: 3}
      propertyPath: m_LocalEulerAnglesHint.x
      value: 0
      objectReference: {fileID: 0}
    - target: {fileID: 6026787720373067952, guid: 7cdfa191446aa6f47b4db87170ef2df5,
        type: 3}
      propertyPath: m_LocalEulerAnglesHint.y
      value: 0
      objectReference: {fileID: 0}
    - target: {fileID: 6026787720373067952, guid: 7cdfa191446aa6f47b4db87170ef2df5,
        type: 3}
      propertyPath: m_LocalEulerAnglesHint.z
      value: 0
      objectReference: {fileID: 0}
    - target: {fileID: 6026787720373067952, guid: 7cdfa191446aa6f47b4db87170ef2df5,
        type: 3}
      propertyPath: m_LocalScale.y
      value: 0.002878157
      objectReference: {fileID: 0}
    - target: {fileID: 6026787720373067952, guid: 7cdfa191446aa6f47b4db87170ef2df5,
        type: 3}
      propertyPath: m_LocalScale.z
      value: 0.002878157
      objectReference: {fileID: 0}
    - target: {fileID: 6026787720373067952, guid: 7cdfa191446aa6f47b4db87170ef2df5,
        type: 3}
      propertyPath: m_LocalScale.x
      value: 0.002878156
      objectReference: {fileID: 0}
    - target: {fileID: 6026787720358913520, guid: 7cdfa191446aa6f47b4db87170ef2df5,
        type: 3}
      propertyPath: prewarm
      value: 1
      objectReference: {fileID: 0}
    m_RemovedComponents: []
  m_SourcePrefab: {fileID: 100100000, guid: 7cdfa191446aa6f47b4db87170ef2df5, type: 3}
--- !u!4 &2084958165705648706 stripped
Transform:
  m_CorrespondingSourceObject: {fileID: 6026787720373067952, guid: 7cdfa191446aa6f47b4db87170ef2df5,
    type: 3}
  m_PrefabInstance: {fileID: 5713996898384906994}
  m_PrefabAsset: {fileID: 0}
--- !u!1001 &7780844560371459030
PrefabInstance:
  m_ObjectHideFlags: 0
  serializedVersion: 2
  m_Modification:
    m_TransformParent: {fileID: 8156525286703020459}
    m_Modifications:
    - target: {fileID: 6026787720372845712, guid: 7cdfa191446aa6f47b4db87170ef2df5,
        type: 3}
      propertyPath: m_Name
      value: WhiteSmoke Variant (1)
      objectReference: {fileID: 0}
    - target: {fileID: 6026787720373067952, guid: 7cdfa191446aa6f47b4db87170ef2df5,
        type: 3}
      propertyPath: m_LocalPosition.x
      value: -0.34699997
      objectReference: {fileID: 0}
    - target: {fileID: 6026787720373067952, guid: 7cdfa191446aa6f47b4db87170ef2df5,
        type: 3}
      propertyPath: m_LocalPosition.y
      value: 0.1856
      objectReference: {fileID: 0}
    - target: {fileID: 6026787720373067952, guid: 7cdfa191446aa6f47b4db87170ef2df5,
        type: 3}
      propertyPath: m_LocalPosition.z
      value: 0.089
      objectReference: {fileID: 0}
    - target: {fileID: 6026787720373067952, guid: 7cdfa191446aa6f47b4db87170ef2df5,
        type: 3}
      propertyPath: m_LocalRotation.x
      value: -0.7071068
      objectReference: {fileID: 0}
    - target: {fileID: 6026787720373067952, guid: 7cdfa191446aa6f47b4db87170ef2df5,
        type: 3}
      propertyPath: m_LocalRotation.y
      value: -0
      objectReference: {fileID: 0}
    - target: {fileID: 6026787720373067952, guid: 7cdfa191446aa6f47b4db87170ef2df5,
        type: 3}
      propertyPath: m_LocalRotation.z
      value: -0
      objectReference: {fileID: 0}
    - target: {fileID: 6026787720373067952, guid: 7cdfa191446aa6f47b4db87170ef2df5,
        type: 3}
      propertyPath: m_LocalRotation.w
      value: 0.7071068
      objectReference: {fileID: 0}
    - target: {fileID: 6026787720373067952, guid: 7cdfa191446aa6f47b4db87170ef2df5,
        type: 3}
      propertyPath: m_RootOrder
      value: 1
      objectReference: {fileID: 0}
    - target: {fileID: 6026787720373067952, guid: 7cdfa191446aa6f47b4db87170ef2df5,
        type: 3}
      propertyPath: m_LocalEulerAnglesHint.x
      value: 0
      objectReference: {fileID: 0}
    - target: {fileID: 6026787720373067952, guid: 7cdfa191446aa6f47b4db87170ef2df5,
        type: 3}
      propertyPath: m_LocalEulerAnglesHint.y
      value: 0
      objectReference: {fileID: 0}
    - target: {fileID: 6026787720373067952, guid: 7cdfa191446aa6f47b4db87170ef2df5,
        type: 3}
      propertyPath: m_LocalEulerAnglesHint.z
      value: 0
      objectReference: {fileID: 0}
    - target: {fileID: 6026787720373067952, guid: 7cdfa191446aa6f47b4db87170ef2df5,
        type: 3}
      propertyPath: m_LocalScale.y
      value: 0.002878157
      objectReference: {fileID: 0}
    - target: {fileID: 6026787720373067952, guid: 7cdfa191446aa6f47b4db87170ef2df5,
        type: 3}
      propertyPath: m_LocalScale.z
      value: 0.002878157
      objectReference: {fileID: 0}
    - target: {fileID: 6026787720373067952, guid: 7cdfa191446aa6f47b4db87170ef2df5,
        type: 3}
      propertyPath: m_LocalScale.x
      value: 0.002878156
      objectReference: {fileID: 0}
    - target: {fileID: 6026787720358913520, guid: 7cdfa191446aa6f47b4db87170ef2df5,
        type: 3}
      propertyPath: prewarm
      value: 1
      objectReference: {fileID: 0}
    m_RemovedComponents: []
  m_SourcePrefab: {fileID: 100100000, guid: 7cdfa191446aa6f47b4db87170ef2df5, type: 3}
--- !u!4 &4060117553068720998 stripped
Transform:
  m_CorrespondingSourceObject: {fileID: 6026787720373067952, guid: 7cdfa191446aa6f47b4db87170ef2df5,
    type: 3}
  m_PrefabInstance: {fileID: 7780844560371459030}
  m_PrefabAsset: {fileID: 0}
--- !u!1001 &8655239208542904259
PrefabInstance:
  m_ObjectHideFlags: 0
  serializedVersion: 2
  m_Modification:
    m_TransformParent: {fileID: 8156525286703020459}
    m_Modifications:
    - target: {fileID: 6026787720372845712, guid: 7cdfa191446aa6f47b4db87170ef2df5,
        type: 3}
      propertyPath: m_Name
      value: WhiteSmoke Variant (3)
      objectReference: {fileID: 0}
    - target: {fileID: 6026787720373067952, guid: 7cdfa191446aa6f47b4db87170ef2df5,
        type: 3}
      propertyPath: m_LocalPosition.x
      value: 0.1598
      objectReference: {fileID: 0}
    - target: {fileID: 6026787720373067952, guid: 7cdfa191446aa6f47b4db87170ef2df5,
        type: 3}
      propertyPath: m_LocalPosition.y
      value: 0.1934
      objectReference: {fileID: 0}
    - target: {fileID: 6026787720373067952, guid: 7cdfa191446aa6f47b4db87170ef2df5,
        type: 3}
      propertyPath: m_LocalPosition.z
      value: -0.13
      objectReference: {fileID: 0}
    - target: {fileID: 6026787720373067952, guid: 7cdfa191446aa6f47b4db87170ef2df5,
        type: 3}
      propertyPath: m_LocalRotation.x
      value: -0.7071068
      objectReference: {fileID: 0}
    - target: {fileID: 6026787720373067952, guid: 7cdfa191446aa6f47b4db87170ef2df5,
        type: 3}
      propertyPath: m_LocalRotation.y
      value: -0
      objectReference: {fileID: 0}
    - target: {fileID: 6026787720373067952, guid: 7cdfa191446aa6f47b4db87170ef2df5,
        type: 3}
      propertyPath: m_LocalRotation.z
      value: -0
      objectReference: {fileID: 0}
    - target: {fileID: 6026787720373067952, guid: 7cdfa191446aa6f47b4db87170ef2df5,
        type: 3}
      propertyPath: m_LocalRotation.w
      value: 0.7071068
      objectReference: {fileID: 0}
    - target: {fileID: 6026787720373067952, guid: 7cdfa191446aa6f47b4db87170ef2df5,
        type: 3}
      propertyPath: m_RootOrder
      value: 3
      objectReference: {fileID: 0}
    - target: {fileID: 6026787720373067952, guid: 7cdfa191446aa6f47b4db87170ef2df5,
        type: 3}
      propertyPath: m_LocalEulerAnglesHint.x
      value: 0
      objectReference: {fileID: 0}
    - target: {fileID: 6026787720373067952, guid: 7cdfa191446aa6f47b4db87170ef2df5,
        type: 3}
      propertyPath: m_LocalEulerAnglesHint.y
      value: 0
      objectReference: {fileID: 0}
    - target: {fileID: 6026787720373067952, guid: 7cdfa191446aa6f47b4db87170ef2df5,
        type: 3}
      propertyPath: m_LocalEulerAnglesHint.z
      value: 0
      objectReference: {fileID: 0}
    - target: {fileID: 6026787720373067952, guid: 7cdfa191446aa6f47b4db87170ef2df5,
        type: 3}
      propertyPath: m_LocalScale.y
      value: 0.002878157
      objectReference: {fileID: 0}
    - target: {fileID: 6026787720373067952, guid: 7cdfa191446aa6f47b4db87170ef2df5,
        type: 3}
      propertyPath: m_LocalScale.z
      value: 0.002878157
      objectReference: {fileID: 0}
    - target: {fileID: 6026787720373067952, guid: 7cdfa191446aa6f47b4db87170ef2df5,
        type: 3}
      propertyPath: m_LocalScale.x
      value: 0.002878156
      objectReference: {fileID: 0}
    - target: {fileID: 6026787720358913520, guid: 7cdfa191446aa6f47b4db87170ef2df5,
        type: 3}
      propertyPath: prewarm
      value: 1
      objectReference: {fileID: 0}
    m_RemovedComponents: []
  m_SourcePrefab: {fileID: 100100000, guid: 7cdfa191446aa6f47b4db87170ef2df5, type: 3}
--- !u!4 &3152209350441729907 stripped
Transform:
  m_CorrespondingSourceObject: {fileID: 6026787720373067952, guid: 7cdfa191446aa6f47b4db87170ef2df5,
    type: 3}
  m_PrefabInstance: {fileID: 8655239208542904259}
  m_PrefabAsset: {fileID: 0}
